%YAML 1.1
%TAG !u! tag:unity3d.com,2011:
--- !u!1 &8945317179364994813
GameObject:
  m_ObjectHideFlags: 0
  m_CorrespondingSourceObject: {fileID: 0}
  m_PrefabInstance: {fileID: 0}
  m_PrefabAsset: {fileID: 0}
  serializedVersion: 6
  m_Component:
  - component: {fileID: 8945317179364994812}
  - component: {fileID: 8945317179364994814}
  - component: {fileID: 8945317179364994815}
  m_Layer: 0
  m_Name: "Sabl\xE9 (1)"
  m_TagString: Untagged
  m_Icon: {fileID: 0}
  m_NavMeshLayer: 0
  m_StaticEditorFlags: 4294967295
  m_IsActive: 1
--- !u!4 &8945317179364994812
Transform:
  m_ObjectHideFlags: 0
  m_CorrespondingSourceObject: {fileID: 0}
  m_PrefabInstance: {fileID: 0}
  m_PrefabAsset: {fileID: 0}
  m_GameObject: {fileID: 8945317179364994813}
  m_LocalRotation: {x: 0.82541025, y: 0.33475345, z: -0.37933123, w: 0.25049144}
  m_LocalPosition: {x: 2.2397, y: 0.9934275, z: 0.69060135}
  m_LocalScale: {x: 1, y: 1, z: 1}
  m_Children: []
  m_Father: {fileID: 8945317180396470015}
  m_RootOrder: 2
  m_LocalEulerAnglesHint: {x: 41.873, y: -141.994, z: 150.86101}
--- !u!33 &8945317179364994814
MeshFilter:
  m_ObjectHideFlags: 0
  m_CorrespondingSourceObject: {fileID: 0}
  m_PrefabInstance: {fileID: 0}
  m_PrefabAsset: {fileID: 0}
  m_GameObject: {fileID: 8945317179364994813}
  m_Mesh: {fileID: 1395644183441714191, guid: 6a71f01a9edf56049a4172ef06750767, type: 3}
--- !u!23 &8945317179364994815
MeshRenderer:
  m_ObjectHideFlags: 0
  m_CorrespondingSourceObject: {fileID: 0}
  m_PrefabInstance: {fileID: 0}
  m_PrefabAsset: {fileID: 0}
  m_GameObject: {fileID: 8945317179364994813}
  m_Enabled: 1
  m_CastShadows: 1
  m_ReceiveShadows: 1
  m_DynamicOccludee: 1
  m_MotionVectors: 1
  m_LightProbeUsage: 1
  m_ReflectionProbeUsage: 1
  m_RayTracingMode: 2
  m_RenderingLayerMask: 1
  m_RendererPriority: 0
  m_Materials:
  - {fileID: 2100000, guid: a6a7e6add3818cd4385df5bf7d7a9689, type: 2}
  m_StaticBatchInfo:
    firstSubMesh: 0
    subMeshCount: 0
  m_StaticBatchRoot: {fileID: 0}
  m_ProbeAnchor: {fileID: 0}
  m_LightProbeVolumeOverride: {fileID: 0}
  m_ScaleInLightmap: 1
  m_ReceiveGI: 1
  m_PreserveUVs: 0
  m_IgnoreNormalsForChartDetection: 0
  m_ImportantGI: 0
  m_StitchLightmapSeams: 1
  m_SelectedEditorRenderState: 3
  m_MinimumChartSize: 4
  m_AutoUVMaxDistance: 0.5
  m_AutoUVMaxAngle: 89
  m_LightmapParameters: {fileID: 0}
  m_SortingLayerID: 0
  m_SortingLayer: 0
  m_SortingOrder: 0
--- !u!1 &8945317179785363788
GameObject:
  m_ObjectHideFlags: 0
  m_CorrespondingSourceObject: {fileID: 0}
  m_PrefabInstance: {fileID: 0}
  m_PrefabAsset: {fileID: 0}
  serializedVersion: 6
  m_Component:
  - component: {fileID: 8945317179785363791}
  - component: {fileID: 8945317179785363793}
  - component: {fileID: 8945317179785363790}
  m_Layer: 0
  m_Name: Fourchette (3)
  m_TagString: Untagged
  m_Icon: {fileID: 0}
  m_NavMeshLayer: 0
  m_StaticEditorFlags: 4294967295
  m_IsActive: 1
--- !u!4 &8945317179785363791
Transform:
  m_ObjectHideFlags: 0
  m_CorrespondingSourceObject: {fileID: 0}
  m_PrefabInstance: {fileID: 0}
  m_PrefabAsset: {fileID: 0}
  m_GameObject: {fileID: 8945317179785363788}
  m_LocalRotation: {x: 0.7083135, y: 0.18782935, z: -0.5343915, w: 0.4212337}
  m_LocalPosition: {x: 2.131488, y: 0.86602753, z: 0.6822643}
  m_LocalScale: {x: 1, y: 1, z: 1}
  m_Children: []
  m_Father: {fileID: 8945317180396470015}
  m_RootOrder: 3
  m_LocalEulerAnglesHint: {x: 127.11, y: -277.043, z: 17.76799}
--- !u!33 &8945317179785363793
MeshFilter:
  m_ObjectHideFlags: 0
  m_CorrespondingSourceObject: {fileID: 0}
  m_PrefabInstance: {fileID: 0}
  m_PrefabAsset: {fileID: 0}
  m_GameObject: {fileID: 8945317179785363788}
  m_Mesh: {fileID: -7939710021324681699, guid: a95f3c20adb063249a504054d8c7b199, type: 3}
--- !u!23 &8945317179785363790
MeshRenderer:
  m_ObjectHideFlags: 0
  m_CorrespondingSourceObject: {fileID: 0}
  m_PrefabInstance: {fileID: 0}
  m_PrefabAsset: {fileID: 0}
  m_GameObject: {fileID: 8945317179785363788}
  m_Enabled: 1
  m_CastShadows: 1
  m_ReceiveShadows: 1
  m_DynamicOccludee: 1
  m_MotionVectors: 1
  m_LightProbeUsage: 1
  m_ReflectionProbeUsage: 1
  m_RayTracingMode: 2
  m_RenderingLayerMask: 1
  m_RendererPriority: 0
  m_Materials:
  - {fileID: 2100000, guid: a6a7e6add3818cd4385df5bf7d7a9689, type: 2}
  m_StaticBatchInfo:
    firstSubMesh: 0
    subMeshCount: 0
  m_StaticBatchRoot: {fileID: 0}
  m_ProbeAnchor: {fileID: 0}
  m_LightProbeVolumeOverride: {fileID: 0}
  m_ScaleInLightmap: 1
  m_ReceiveGI: 1
  m_PreserveUVs: 0
  m_IgnoreNormalsForChartDetection: 0
  m_ImportantGI: 0
  m_StitchLightmapSeams: 1
  m_SelectedEditorRenderState: 3
  m_MinimumChartSize: 4
  m_AutoUVMaxDistance: 0.5
  m_AutoUVMaxAngle: 89
  m_LightmapParameters: {fileID: 0}
  m_SortingLayerID: 0
  m_SortingLayer: 0
  m_SortingOrder: 0
--- !u!1 &8945317180277171771
GameObject:
  m_ObjectHideFlags: 0
  m_CorrespondingSourceObject: {fileID: 0}
  m_PrefabInstance: {fileID: 0}
  m_PrefabAsset: {fileID: 0}
  serializedVersion: 6
  m_Component:
  - component: {fileID: 8945317180277171772}
  - component: {fileID: 8945317180277171773}
  - component: {fileID: 8945317180277171770}
  m_Layer: 0
  m_Name: "Sabl\xE9 (2)"
  m_TagString: Untagged
  m_Icon: {fileID: 0}
  m_NavMeshLayer: 0
  m_StaticEditorFlags: 4294967295
  m_IsActive: 1
--- !u!4 &8945317180277171772
Transform:
  m_ObjectHideFlags: 0
  m_CorrespondingSourceObject: {fileID: 0}
  m_PrefabInstance: {fileID: 0}
  m_PrefabAsset: {fileID: 0}
  m_GameObject: {fileID: 8945317180277171771}
  m_LocalRotation: {x: 0.61071527, y: 0.6634568, z: -0.42937386, w: 0.049901824}
  m_LocalPosition: {x: 2.69023, y: 0.34461313, z: -0.09896994}
  m_LocalScale: {x: 0.61936, y: 0.61936, z: 0.61936}
  m_Children: []
  m_Father: {fileID: 8945317180396470015}
  m_RootOrder: 4
  m_LocalEulerAnglesHint: {x: 39.101, y: -143.809, z: 98.497}
--- !u!33 &8945317180277171773
MeshFilter:
  m_ObjectHideFlags: 0
  m_CorrespondingSourceObject: {fileID: 0}
  m_PrefabInstance: {fileID: 0}
  m_PrefabAsset: {fileID: 0}
  m_GameObject: {fileID: 8945317180277171771}
  m_Mesh: {fileID: 1395644183441714191, guid: 6a71f01a9edf56049a4172ef06750767, type: 3}
--- !u!23 &8945317180277171770
MeshRenderer:
  m_ObjectHideFlags: 0
  m_CorrespondingSourceObject: {fileID: 0}
  m_PrefabInstance: {fileID: 0}
  m_PrefabAsset: {fileID: 0}
  m_GameObject: {fileID: 8945317180277171771}
  m_Enabled: 1
  m_CastShadows: 1
  m_ReceiveShadows: 1
  m_DynamicOccludee: 1
  m_MotionVectors: 1
  m_LightProbeUsage: 1
  m_ReflectionProbeUsage: 1
  m_RayTracingMode: 2
  m_RenderingLayerMask: 1
  m_RendererPriority: 0
  m_Materials:
  - {fileID: 2100000, guid: a6a7e6add3818cd4385df5bf7d7a9689, type: 2}
  m_StaticBatchInfo:
    firstSubMesh: 0
    subMeshCount: 0
  m_StaticBatchRoot: {fileID: 0}
  m_ProbeAnchor: {fileID: 0}
  m_LightProbeVolumeOverride: {fileID: 0}
  m_ScaleInLightmap: 1
  m_ReceiveGI: 1
  m_PreserveUVs: 0
  m_IgnoreNormalsForChartDetection: 0
  m_ImportantGI: 0
  m_StitchLightmapSeams: 1
  m_SelectedEditorRenderState: 3
  m_MinimumChartSize: 4
  m_AutoUVMaxDistance: 0.5
  m_AutoUVMaxAngle: 89
  m_LightmapParameters: {fileID: 0}
  m_SortingLayerID: 0
  m_SortingLayer: 0
  m_SortingOrder: 0
--- !u!1 &8945317180396470012
GameObject:
  m_ObjectHideFlags: 0
  m_CorrespondingSourceObject: {fileID: 0}
  m_PrefabInstance: {fileID: 0}
  m_PrefabAsset: {fileID: 0}
  serializedVersion: 6
  m_Component:
  - component: {fileID: 8945317180396470015}
  m_Layer: 0
  m_Name: HGLivingRoom
  m_TagString: Untagged
  m_Icon: {fileID: 0}
  m_NavMeshLayer: 0
  m_StaticEditorFlags: 0
  m_IsActive: 1
--- !u!4 &8945317180396470015
Transform:
  m_ObjectHideFlags: 0
  m_CorrespondingSourceObject: {fileID: 0}
  m_PrefabInstance: {fileID: 0}
  m_PrefabAsset: {fileID: 0}
  m_GameObject: {fileID: 8945317180396470012}
  m_LocalRotation: {x: 0, y: 0, z: 0, w: 1}
  m_LocalPosition: {x: -3.1906595, y: -0.15442753, z: 1.4655282}
  m_LocalScale: {x: 1, y: 1, z: 1}
  m_Children:
  - {fileID: 1491335660607420036}
  - {fileID: 1075973597066248584}
  - {fileID: 8945317179364994812}
  - {fileID: 8945317179785363791}
  - {fileID: 8945317180277171772}
  m_Father: {fileID: 0}
  m_RootOrder: 0
  m_LocalEulerAnglesHint: {x: 0, y: 0, z: 0}
--- !u!1001 &2644246783060694491
PrefabInstance:
  m_ObjectHideFlags: 0
  serializedVersion: 2
  m_Modification:
    m_TransformParent: {fileID: 8945317180396470015}
    m_Modifications:
    - target: {fileID: 2384427947590700777, guid: 04e9bbe8e8653b440a7b45b43d8f3e51,
        type: 3}
      propertyPath: m_Name
      value: HanselLivingroom2
      objectReference: {fileID: 0}
    - target: {fileID: 3052561184245421139, guid: 04e9bbe8e8653b440a7b45b43d8f3e51,
        type: 3}
      propertyPath: m_LocalPosition.x
      value: 2.4736595
      objectReference: {fileID: 0}
    - target: {fileID: 3052561184245421139, guid: 04e9bbe8e8653b440a7b45b43d8f3e51,
        type: 3}
      propertyPath: m_LocalPosition.y
      value: 0.6412555
      objectReference: {fileID: 0}
    - target: {fileID: 3052561184245421139, guid: 04e9bbe8e8653b440a7b45b43d8f3e51,
        type: 3}
      propertyPath: m_LocalPosition.z
      value: 0.3924718
      objectReference: {fileID: 0}
    - target: {fileID: 3052561184245421139, guid: 04e9bbe8e8653b440a7b45b43d8f3e51,
        type: 3}
      propertyPath: m_LocalRotation.x
      value: -0
      objectReference: {fileID: 0}
    - target: {fileID: 3052561184245421139, guid: 04e9bbe8e8653b440a7b45b43d8f3e51,
        type: 3}
      propertyPath: m_LocalRotation.y
      value: 0.9078561
      objectReference: {fileID: 0}
    - target: {fileID: 3052561184245421139, guid: 04e9bbe8e8653b440a7b45b43d8f3e51,
        type: 3}
      propertyPath: m_LocalRotation.z
      value: -0
      objectReference: {fileID: 0}
    - target: {fileID: 3052561184245421139, guid: 04e9bbe8e8653b440a7b45b43d8f3e51,
        type: 3}
      propertyPath: m_LocalRotation.w
      value: 0.41928193
      objectReference: {fileID: 0}
    - target: {fileID: 3052561184245421139, guid: 04e9bbe8e8653b440a7b45b43d8f3e51,
        type: 3}
      propertyPath: m_RootOrder
      value: 1
      objectReference: {fileID: 0}
    - target: {fileID: 3052561184245421139, guid: 04e9bbe8e8653b440a7b45b43d8f3e51,
        type: 3}
      propertyPath: m_LocalEulerAnglesHint.x
      value: 0
      objectReference: {fileID: 0}
    - target: {fileID: 3052561184245421139, guid: 04e9bbe8e8653b440a7b45b43d8f3e51,
        type: 3}
      propertyPath: m_LocalEulerAnglesHint.y
      value: 130.42201
      objectReference: {fileID: 0}
    - target: {fileID: 3052561184245421139, guid: 04e9bbe8e8653b440a7b45b43d8f3e51,
        type: 3}
      propertyPath: m_LocalEulerAnglesHint.z
      value: 0
      objectReference: {fileID: 0}
    m_RemovedComponents: []
  m_SourcePrefab: {fileID: 100100000, guid: 04e9bbe8e8653b440a7b45b43d8f3e51, type: 3}
--- !u!4 &1075973597066248584 stripped
Transform:
  m_CorrespondingSourceObject: {fileID: 3052561184245421139, guid: 04e9bbe8e8653b440a7b45b43d8f3e51,
    type: 3}
  m_PrefabInstance: {fileID: 2644246783060694491}
  m_PrefabAsset: {fileID: 0}
--- !u!1001 &5149558957048956474
PrefabInstance:
  m_ObjectHideFlags: 0
  serializedVersion: 2
  m_Modification:
    m_TransformParent: {fileID: 8945317180396470015}
    m_Modifications:
    - target: {fileID: 6036126934192435390, guid: a8fdc19818d369c448f5f10426a51328,
        type: 3}
      propertyPath: m_LocalPosition.x
      value: 5.5326595
      objectReference: {fileID: 0}
    - target: {fileID: 6036126934192435390, guid: a8fdc19818d369c448f5f10426a51328,
        type: 3}
      propertyPath: m_LocalPosition.y
      value: 1.3514276
      objectReference: {fileID: 0}
    - target: {fileID: 6036126934192435390, guid: a8fdc19818d369c448f5f10426a51328,
        type: 3}
      propertyPath: m_LocalPosition.z
      value: -0.61352825
      objectReference: {fileID: 0}
    - target: {fileID: 6036126934192435390, guid: a8fdc19818d369c448f5f10426a51328,
        type: 3}
      propertyPath: m_LocalRotation.x
      value: -0
      objectReference: {fileID: 0}
    - target: {fileID: 6036126934192435390, guid: a8fdc19818d369c448f5f10426a51328,
        type: 3}
      propertyPath: m_LocalRotation.y
      value: 0.96201146
      objectReference: {fileID: 0}
    - target: {fileID: 6036126934192435390, guid: a8fdc19818d369c448f5f10426a51328,
        type: 3}
      propertyPath: m_LocalRotation.z
      value: -0
      objectReference: {fileID: 0}
    - target: {fileID: 6036126934192435390, guid: a8fdc19818d369c448f5f10426a51328,
        type: 3}
      propertyPath: m_LocalRotation.w
      value: 0.27300912
      objectReference: {fileID: 0}
    - target: {fileID: 6036126934192435390, guid: a8fdc19818d369c448f5f10426a51328,
        type: 3}
      propertyPath: m_RootOrder
      value: 0
      objectReference: {fileID: 0}
    - target: {fileID: 6036126934192435390, guid: a8fdc19818d369c448f5f10426a51328,
        type: 3}
      propertyPath: m_LocalEulerAnglesHint.x
      value: 0
      objectReference: {fileID: 0}
    - target: {fileID: 6036126934192435390, guid: a8fdc19818d369c448f5f10426a51328,
        type: 3}
      propertyPath: m_LocalEulerAnglesHint.y
      value: 148.313
      objectReference: {fileID: 0}
    - target: {fileID: 6036126934192435390, guid: a8fdc19818d369c448f5f10426a51328,
        type: 3}
      propertyPath: m_LocalEulerAnglesHint.z
      value: 0
      objectReference: {fileID: 0}
    - target: {fileID: 6381444386060069380, guid: a8fdc19818d369c448f5f10426a51328,
        type: 3}
      propertyPath: m_Name
      value: GretelLivingroom2
      objectReference: {fileID: 0}
    m_RemovedComponents: []
  m_SourcePrefab: {fileID: 100100000, guid: a8fdc19818d369c448f5f10426a51328, type: 3}
--- !u!4 &1491335660607420036 stripped
Transform:
  m_CorrespondingSourceObject: {fileID: 6036126934192435390, guid: a8fdc19818d369c448f5f10426a51328,
    type: 3}
  m_PrefabInstance: {fileID: 5149558957048956474}
  m_PrefabAsset: {fileID: 0}
